 Dungeon Crawl Stone Soup version 0.17-a0-2118-g63bad21 (webtiles) character file.

7940 4thArraOfDagon the Cleaver (level 11, -12/138 HPs)
             Began as a Deep Dwarf Berserker on Oct 20, 2015.
             Was a Priest of Trog.
             Mangled by a white ugly thing (24 damage)
             ... on level 14 of the Dungeon.
             The game lasted 00:14:45 (2457 turns).

4thArraOfDagon the Cleaver (Deep Dwarf Berserker)   Turns: 2457, Time: 00:14:45

Health: -12/138    AC: 15    Str: 25    XL:     11   Next: 3%
Magic:  7/7        EV:  9    Int: 12    God:    Trog [***...]
Gold:   267        SH:  0    Dex: 20    Spells: 0 memorised, 10 levels left

rFire  . . .     SeeInvis .     e - +9 flail of an ice cave {crush, rElec MP-9 Dex+8}
rCold  . . .     Clarity  .     z - +0 plate armour
rNeg   . . .     SustAt   .     (no shield)
rPois  .         Gourm    .     (no helmet)
rElec  +         Spirit   .     (no cloak)
rCorr  .         Warding  .     (no gloves)
rMut   .         Stasis   .     (no boots)
MR     ++...                    (no amulet)
Stlth  ..........               f - ring of protection from magic
                                M - ring of stealth

@: berserking, non-regenerating, very quick, very resistant to hostile
enchantments, extremely unstealthy
A: damage resistance, recharge devices, sense surroundings 2, shaggy fur 1, slow
regeneration 3
a: Device Recharging, Berserk, Trog's Hand, Burn Spellbooks, Renounce Religion


You were on level 14 of the Dungeon.
You worshipped Trog.
Trog was most pleased with you.
You were hungry.

You visited 1 branch of the dungeon, and saw 15 of its levels.
You also visited: Labyrinth.

You collected 267 gold pieces.

Inventory:

Hand Weapons
 a - a +0 hand axe
 e - the +9 flail of an ice cave (weapon) {crush, rElec MP-9 Dex+8}
   (You found it on level 11 of the Dungeon)

   It inflicts extra damage upon your enemies.
   It affects your dexterity (+8).
   It insulates you from electricity.
   It affects your magic capacity (-9).
 y - a +0 battleaxe
 F - the cursed +0 greatsling of Blood-Lust {venom, rF+++ rC- Str+6, unknown}
   (You found it in a labyrinth)

   It poisons the ammo it fires.
   It affects your strength (+6).
   It renders you almost immune to fire.
   It makes you vulnerable to cold.
   It has a curse placed upon it.
Missiles
 t - 7 silver javelins
 A - a throwing net (quivered)
Armour
 g - a +2 chain mail of cold resistance
 q - a +0 scale mail
 z - a +0 plate armour (worn)
 G - the +1 robe of Jydonoz {rN+++ MR- Regen+ Dex+4, unknown}
   (You found it in a labyrinth)

   It affects your dexterity (+4).
   It renders you almost immune to negative energy.
   It affects your resistance to hostile enchantments.
   It increases your rate of regeneration.
Magical Staves
 B - an uncursed staff of death
Jewellery
 f - a ring of protection from magic (right hand)
 C - a +5 ring of intelligence
 L - an uncursed ring of fire
 M - a ring of stealth (left hand)
Wands
 c - a wand of heal wounds (4)
 w - a wand of fireball (5)
 D - a wand of lightning (4)
Scrolls
 j - 3 scrolls of remove curse
 r - a scroll of immolation
 u - a scroll of teleportation
Potions
 i - 2 potions of haste {unknown}
 m - a potion of magic {unknown}
 o - a potion of beneficial mutation {unknown}
 p - a potion of degeneration {unknown}
 v - a potion of resistance
 H - a potion of agility {unknown}
 I - 2 potions of might {unknown}
 K - a potion of mutation {unknown}
Books
 x - a book of Changes

   Spells                             Type                      Level
   a - Beastly Appendage              Transmutation                1
   b - Sticks to Snakes               Transmutation                2
   c - Spider Form                    Transmutation/Poison         3
   d - Ice Form                       Ice/Transmutation            4
   e - Blade Hands                    Transmutation                5
   Trog disapproves of the use of such an item.
 E - a book of Party Tricks

   Spells                             Type                      Level
   a - Summon Butterflies             Summoning                    1
   b - Apportation                    Translocation                1
   c - Tukima's Dance                 Hexes                        3
   d - Alistair's Intoxication        Transmutation/Poison         4
   e - Invisibility                   Hexes                        6
   Trog disapproves of the use of such an item.
 J - a book of Flames

   Spells                             Type                      Level
   a - Flame Tongue                   Conjuration/Fire             1
   b - Throw Flame                    Conjuration/Fire             2
   c - Conjure Flame                  Conjuration/Fire             3
   d - Inner Flame                    Hexes/Fire                   3
   e - Sticky Flame                   Conjuration/Fire             4
   f - Fireball                       Conjuration/Fire             5
   Trog disapproves of the use of such an item.
Miscellaneous
 N - a lamp of fire
Comestibles
 b - a royal jelly
 d - 6 bread rations
 h - 4 meat rations
 k - 8 slices of pizza
 l - 6 fruits
 s - 4 beef jerkies


   Skills:
 - Level 4.0 Fighting
 * Level 13.0 Axes
 + Level 9.5 Armour
 - Level 2.1 Dodging
 + Level 10.6 Evocations


You had 10 spell levels left.
You didn't know any spells.

Dungeon Overview and Level Annotations

Branches:
Dungeon (15/15)              Lair (0/8) D:8             Orc (0/4) D:9
 Temple: D:4-7       Vaults: D:13-14     Depths: D:15

Altars:
Ashenzari


Innate Abilities, Weirdness & Mutations

You are resistant to damage.
You can recharge devices by infusing magical energy.
You passively map the area around you.
You do not regenerate naturally.
You are covered in fur (AC +1).


Message History

A red film seems to cover your vision as you go berserk!
You feel yourself moving faster!
You feel mighty!
You are feeling hungry.
Unknown command.
Your plate armour prevents you from hitting the white ugly thing.
The white ugly thing kicks you. The white ugly thing freezes you!!
Unknown command.
You climb upwards.
You feel a strong urge to attack something.
There is a stone staircase leading down here.
Unknown command.
You barely miss the white ugly thing. The white ugly thing kicks you.
The white ugly thing freezes you!!
* * * LOW HITPOINT WARNING * * *
You sock the white ugly thing!
The white ugly thing is moderately wounded.
The white ugly thing kicks you!
* * * LOW HITPOINT WARNING * * *
The white ugly thing freezes you!!
You die...

** ,* * , , ** ** , , , , ,
, ,* , , , ,,,##, ,, , # ,
,, * ** ...# , ,# , ..
....# , , ,# ,,
..##########....# , #
................# , , #
.........@......# , ,, # ,
........u...##### , # , ,
,............# * ,, , ,
............#####, ,, ,,,#
, ................#, #
,................##########
,,,
.........................)
,..........................
..........................


You could see a white ugly thing.

Vanquished Creatures
  A minotaur (Lab)
  2 hill giants
  2 cyclopes
  A gargoyle (D:14)
  A troll (D:13)
  A two-headed ogre (D:13)
  A trapdoor spider (shapeshifter) (D:15)
  A hog (D:7)
  2 deep elf magi
  2 hippogriffs
  A human (D:7)
  A mottled dragon (D:11)
  An orc warrior (D:7)
  A wasp (D:12)
  An ogre (D:12)
  15 centaurs
  4 giant frogs
  A scorpion (D:6)
  18 wights
  A crimson imp (D:13)
  2 hounds
  4 jellies
  3 centaur skeletons
  2 orc wizards (D:4)
  5 sheep
  2 worker ants
  2 hound zombies
  2 hound skeletons
  An adder (D:8)
  A river rat (D:8)
  An ooze (D:2)
  A worm (D:2)
  3 giant geckos
  10 orcs
  A ball python (D:7)
  5 bats
  2 giant cockroaches
  2 goblins
  2 hobgoblins (D:2)
  2 giant newts
  9 jackals
  3 kobolds (D:1)
  A quokka zombie (D:5)
  3 rats (D:8)
  A fungus (D:8)
128 creatures vanquished.

Notes
Turn   | Place    | Note
--------------------------------------------------------------
     0 | D:1      | 4thArraOfDagon the Deep Dwarf Berserker began the quest for the Orb.
     0 | D:1      | Reached XP level 1. HP: 20/20 MP: 1/1
   137 | D:1      | Reached XP level 2. HP: 12/27 MP: 2/2
   252 | D:3      | Reached skill level 4 in Axes
   390 | D:4      | Reached ** piety under Trog
   390 | D:4      | Reached skill level 1 in Evocations
   390 | D:4      | Reached XP level 3. HP: 34/34 MP: 3/3
   392 | D:4      | Reached XP level 4. HP: 42/42 MP: 3/5
   432 | D:4      | Found a shattered altar of Ashenzari.
   479 | D:5      | Entered Level 5 of the Dungeon
   517 | D:5      | Reached skill level 5 in Axes
   517 | D:5      | Reached XP level 5. HP: 40/49 MP: 6/6
   679 | D:7      | Reached XP level 6. HP: 18/56 MP: 6/8
   733 | D:7      | Reached skill level 6 in Axes
   764 | D:7      | Noticed a centaur
   780 | D:7      | Killed a centaur
   780 | D:7      | Reached XP level 7. HP: 33/64 MP: 9/9
  1012 | D:8      | Found a staircase to the Lair.
  1093 | D:7      | Noticed an orc warrior
  1106 | D:7      | Killed an orc warrior
  1106 | D:7      | Reached skill level 7 in Axes
  1110 | D:7      | Reached skill level 5 in Armour
  1113 | D:7      | Reached skill level 5 in Evocations
  1116 | D:7      | Reached XP level 8. HP: 56/72 MP: 11/11
  1183 | D:7      | Noticed a human
  1184 | D:7      | Noticed a hog
  1190 | D:7      | Killed a human
  1197 | D:7      | Killed a hog
  1197 | D:7      | Reached skill level 8 in Axes
  1316 | D:10     | Entered Level 10 of the Dungeon
  1321 | D:10     | Noticed a komodo dragon
  1339 | D:9      | Found a staircase to the Orcish Mines.
  1396 | D:11     | Got a warped flail
  1401 | D:11     | Identified the +9 flail of an ice cave {crush, rElec MP-9 Dex+8} (You found it on level 11 of the Dungeon)
  1412 | D:11     | Noticed a cyclops
  1462 | D:11     | Killed a cyclops
  1462 | D:11     | Reached skill level 9 in Axes
  1479 | D:11     | Found a labyrinth entrance.
  1505 | Lab      | Entered a labyrinth
  1561 | Lab      | Noticed a minotaur
  1572 | Lab      | Killed a minotaur
  1572 | Lab      | Reached skill level 10 in Axes
  1572 | Lab      | Gained mutation: You passively map the area around you. [Deep Dwarf growth]
  1572 | Lab      | Reached XP level 9. HP: 78/78 MP: 4/13
  1579 | Lab      | Got a smoking greatsling
  1585 | Lab      | Got a fine robe
  1608 | D:11     | :(
  1637 | D:11     | Noticed a hill giant
  1644 | D:11     | Killed a hill giant
  1683 | D:12     | Noticed a cyclops
  1714 | D:12     | Killed a cyclops
  1714 | D:12     | Reached skill level 11 in Axes
  1720 | D:12     | Reached XP level 10. HP: 74/85 MP: 6/15
  1936 | D:12     | Reached *** piety under Trog
  2068 | D:12     | Reached skill level 12 in Axes
  2079 | D:12     | Noticed a centaur skeleton
  2086 | D:12     | Killed a centaur skeleton
  2119 | D:13     | Reached skill level 10 in Evocations
  2291 | D:14     | Noticed a hill giant
  2297 | D:14     | Killed a hill giant
  2301 | D:14     | Reached XP level 11. HP: 85/92 MP: 6/15
  2357 | D:15     | Entered Level 15 of the Dungeon
  2380 | D:15     | Reached skill level 13 in Axes
  2386 | D:15     | Gained mutation: You are covered in fur (AC +1). [mutagenic meat]
  2448 | D:15     | Noticed a fire dragon
  2457 | D:14     | Mangled by a white ugly thing

Vault maps used:
D:1:      minmay_arrival_widening_spiral_wide
D:2:      good_gods_mini_temple, led_sif_pool
D:3:      xom_butterflies
D:4:      evilmike_ruin_ashenzari, hex_tiny, lemuel_flame_loot_1
D:5:      grunt_temple_overflow_growth_and_decay,
          gammafunk_temple_overflow_statue, portal_sewer_entry_b, first_bread,
          nicolae_ru_awakened_eye
D:6:      minmay_temple_entry_grid, hex_intersection
D:7:      trog_ov_bears_minmay, grunt_livestock,
          hangedman_abyss_or_decor_lesser_grid
D:8:      due_lair_maze_entry_diamond
D:9:      orc_0_dummy, serial_shops, shop
D:10:     minmay_flawed_box
D:11:     lab_entry_generic, lemuel_statue_altar, uniq_erolcha, uniq_snorg
D:12:     serial_shops, shop, uniq_gastronok, uniq_fannar
D:13:     kennysheep_seaside_town
D:14:     kennysheep_tiny_hell, serial_shops, shop
D:15:     hangedman_depths_entry_civil_slaughter, amethyst_killhole
Lab:      nicolae_lab_plus, nicolae_lab_lava, lab_fountain,
          nicolae_lab_very_dead_end, nicolae_lab_dead_end, labyrinth_fake_exit,
          nicolae_lab_starburst, labyrinth_skeletal_remains,
          nicolae_lab_grate_2, nicolae_lab_swirl, nicolae_lab_statue,
          nicolae_lab_stuck

Action                   |  1- 3 |  4- 6 |  7- 9 | 10-12 || total
-------------------------+-------+-------+-------+-------++-------
Melee: Hand axe          |    45 |    65 |    45 |       ||   155
       Battleaxe         |       |       |    42 |       ||    42
       Flail             |       |       |    41 |   138 ||   179
Throw: Throwing net      |       |     1 |     2 |       ||     3
Invok: Berserk           |     3 |     3 |     8 |     5 ||    19
       Trog's Hand       |       |     6 |     3 |       ||     9
 Abil: Device Recharging |       |       |     1 |     2 ||     3
Evoke: Wand              |     1 |     1 |     5 |     6 ||    13
  Use: Potion            |     1 |       |     1 |       ||     2
       Scroll            |       |       |    10 |       ||    10
 Stab: Held in net/web   |       |       |     2 |       ||     2
  Eat: Chunk             |       |     6 |    11 |     8 ||    25
       Fruit             |       |       |     1 |     1 ||     2
